 Dungeon Crawl Stone Soup version 0.28-a0-773-g130ae17fe5 (webtiles) character file.

Game seed: 270135341279705669

999 ytrimaz the Ducker (level 8, -3/90 HPs)
             Began as a Demonspawn Gladiator on Nov 1, 2021.
             Slain by a killer bee (5 damage)
             ... on level 4 of the Dungeon.
             The game lasted 00:08:05 (7121 turns).

ytrimaz the Ducker (Demonspawn Gladiator)           Turns: 7121, Time: 00:08:06

Health: -3/90      AC:  7    Str: 17    XL:     8   Next: 0%
Magic:  8/8        EV: 14    Int:  9    God:
Gold:   172        SH:  0    Dex: 15    Spells: 7/7 levels left

rFire   . . .      SeeInvis .   j - +3 flail (drain)
rCold   . . .      Faith    .   (no shield)
rNeg    . . .      Spirit   .   b - +1 leather armour
rPois   .          Reflect  .   c - +0 helmet
rElec   .          Harm     .   (no cloak)
rCorr   .          Rampage  .   (no gloves)
Will    .....                   (no boots)
Stlth   ..........              e - amulet of magic regeneration
HPRegen 0.25/turn               (no ring)
MPRegen 0.47/turn               (no ring)

@: berserking, lethally poisoned (-3 -> -7), very quick
A: ignite blood 1, magic regeneration, sharp scales 2, weakness stinger 2
a: no special abilities


You were on level 4 of the Dungeon.
You visited 1 branch of the dungeon, and saw 6 of its levels.

You collected 172 gold pieces.

Inventory:

Hand Weapons
 a - a +0 rapier
 j - a +3 flail of draining (weapon)
 r - a +2 hand axe of flaming
Missiles
 d - 3 throwing nets (quivered)
Armour
 b - a +1 leather armour (worn)
 c - a +0 helmet (worn)
Jewellery
 e - an amulet of magic regeneration (around neck)
 g - a +6 ring of dexterity
 h - a ring of protection from cold
 q - a +6 ring of dexterity
 s - the ring "Efyisepo" {rC+ Will+}
   (You took it off an orc on level 3 of the Dungeon)

   [ring of willpower]

   rC:        It protects you from cold.
   Will:      It increases your willpower.
Scrolls
 f - a scroll of vulnerability {unknown}
 i - a scroll of blinking
 k - a scroll of immolation
 l - a scroll of identify
 m - a scroll of teleportation
 u - a scroll of magic mapping {unknown}
Potions
 p - a potion of haste
 t - a potion of lignification {unknown}
 v - 2 potions of curing {unknown}


   Skills:
 + Level 4.1 Fighting
 - Level 2.6 Short Blades
 - Level 1.7 Throwing
 * Level 4.8 Armour
 * Level 6.4 Dodging


You had 7 spell levels left.
You didn't know any spells.
Your spell library contained the following spells:

 Spells                   Type           Power      Damage    Failure   Level
 Blink                    Tloc           0%         N/A       58%         2
 Manifold Assault         Tloc           0%         N/A       100%        5
 Storm Form               Tmut/Air       0%         N/A       100%        7


Dungeon Overview and Level Annotations

Branches:
Dungeon (6/15)
 Temple: D:4-7

Altars:
Okawaru
Ru
Xom
The Shining One

Shops:
D:6 *


Innate Abilities, Weirdness & Mutations

Your demonic aura sometimes causes spilled blood to erupt in flames.
You regenerate magic rapidly.
You are mostly covered in razor-sharp scales. (AC +2, Slay +2)
You have a tail ending in a sharp stinger.


Message History

The killer bee misses you. x2
You feel very sick.
The killer bee stings you but does no damage.
The killer bee closely misses you. x2
There is a stone staircase leading up here.
You feel very sick. The killer bee closely misses you.
The killer bee stings you but does no damage. x2
The killer bee closely misses you.
You climb upwards.
You feel very sick.
There is a stone staircase leading down here.
You feel sick. The killer bee stings you.
* * * LOW HITPOINT WARNING * * *
The killer bee closely misses you. The killer bee stings you.
* * * LOW HITPOINT WARNING * * *
The killer bee misses you.
You feel sick.
The killer bee stings you but does no damage.
The killer bee barely misses you.
You feel sick. The killer bee barely misses you.
You feel sick.
The killer bee stings you but does no damage.
You feel sick.
You feel sick. The killer bee stings you.
* * * LOW HITPOINT WARNING * * *
You are lethally poisoned!
The killer bee poisons you!
* * * LOW HITPOINT WARNING * * *
You feel very sick. The killer bee closely misses you.
A red film seems to cover your vision as you go berserk!
You feel yourself moving faster!
You feel mighty!
* * * LOW HITPOINT WARNING * * *
You feel sick. The killer bee misses you. The killer bee closely misses you.
You barely miss the killer bee. You tail-slap the killer bee.
The killer bee is moderately wounded.
* * * LOW HITPOINT WARNING * * *
You feel sick. The killer bee stings you.
You die...

#### #..#...#
##.#...#
##########.....#
.........)..##.#
............##.###
.............#...#
############.#.#y#
# #..y#y# #
##..#@# # #.>#.# #
####.#
###'#############
#######
#....(..........#
......#
#...............#
......#
#...............#
......#
#...))..........#
......#
#...............#


You could see 2 killer bees.

Vanquished Creatures
  A necrophage (D:6)
  An ogre (D:4)
  A bullfrog (D:6)
  2 scorpions
  3 killer bees (D:6)
  A howler monkey (D:6)
  2 hounds (D:5)
  An orc priest (D:3)
  A bullfrog skeleton (D:5)
  A centaur skeleton (D:6)
  2 orc wizards
  A hound skeleton (D:3)
  13 adders
  2 river rats (D:4)
  A white imp (D:6)
  7 worms
  A dart slug (D:2)
  12 orcs
  10 endoplasms
  2 giant cockroaches
  8 goblins
  6 hobgoblins
  2 jackals (D:2)
  6 kobolds
  6 quokkas
  12 ball pythons
  11 bats
  11 rats
127 creatures vanquished.

Vanquished Creatures (others)
  18 fungi (D:5)
  A plant (D:1)
19 creatures vanquished.

Grand Total: 146 creatures vanquished

Notes
Turn   | Place    | Note
-------+----------+-------------------------------------------
     0 | D:1      | ytrimaz the Demonspawn Gladiator began the quest for the
                  | Orb.
     0 | D:1      | Reached XP level 1. HP: 16/16 MP: 1/1
     6 | D:1      | Noticed a water moccasin
     7 | D:1      | Noticed a black bear
     7 | D:1      | Noticed a swamp worm
   232 | D:1      | Reached skill level 3 in Dodging
   271 | D:1      | Gained mutation: You have a small tail. [demonic ancestry]
   271 | D:1      | Reached XP level 2. HP: 9/22 MP: 2/2
  1246 | D:2      | Reached skill level 1 in Armour
  1280 | D:2      | Gained mutation: Your demonic aura sometimes causes spilled
                  | blood to erupt in flames. [demonic ancestry]
  1280 | D:2      | Reached XP level 3. HP: 19/27 MP: 3/3
  1282 | D:2      | Found a shimmering altar of Xom.
  1638 | D:2      | Found a faded altar of an unknown god.
  2350 | D:2      | You fall into a shaft and drop 2 floors!
  2353 | D:4      | Noticed an ogre
  2362 | D:4      | Killed an ogre
  2363 | D:4      | Reached skill level 4 in Dodging
  2363 | D:4      | Gained mutation: You are partially covered in razor-sharp
                  | scales. (AC +1, Slay +1) [demonic ancestry]
  2363 | D:4      | Reached XP level 4. HP: 7/34 MP: 4/4
  2363 | D:4      | Gained mutation: You regenerate magic rapidly. [demonic
                  | ancestry]
  2363 | D:4      | Reached XP level 5. HP: 8/39 MP: 5/5
  3677 | D:3      | Gained mutation: You are mostly covered in razor-sharp
                  | scales. (AC +2, Slay +2) [demonic ancestry]
  3677 | D:3      | Reached XP level 6. HP: 25/46 MP: 6/6
  4707 | D:3      | Found an iron altar of Okawaru.
  5073 | D:3      | Identified the ring "Efyisepo" {rC+ Will+}
  5577 | D:4      | Reached skill level 5 in Dodging
  5859 | D:5      | Entered Level 5 of the Dungeon
  6186 | D:5      | Found a sacrificial altar of Ru.
  6200 | D:5      | Reached XP level 7. HP: 52/52 MP: 7/7
  6245 | D:6      | HP: 3/78 [poisoned by a killer bee]
  6583 | D:6      | Reached skill level 6 in Dodging
  6735 | D:6      | Found Panof's Elemental Accessories.
  7094 | D:5      | Gained mutation: You have a tail ending in a sharp stinger.
                  | [demonic ancestry]
  7094 | D:5      | Reached XP level 8. HP: 57/60 MP: 8/8
  7119 | D:4      | HP: 3/60 [poisoned by a killer bee]
  7121 | D:4      | Slain by a killer bee

Illustrated notes

Levels and vault maps discovered:
D:1:      onia_arrival_zoo_common, layout_loops_ring, serial_bayou,
          serial_bayou_pond_d, serial_bayou_ford_a, serial_bayou_lagoon_a,
          serial_bayou_pond_d
D:2:      layout_rooms, basic_altar, shapermc_ecumenical_altar_starsandcircs
D:3:      minmay_octagon_keep, layout_rooms, general_overflow_altar,
          mainiacjoe_overflow_surrounded_room, grunt_decor_fettered, hex_medium
D:4:      layout_basic, lightli_sewer_entry_pipes
D:5:      layout_cave_pools, mainiacjoe_overflow_cross_hatched
D:6:      layout_basic, lemuel_coloured_pillars_altar, serial_curves,
          eino_curves_03, eino_curves_01, gammafunk_ghost_grave,
          nicolae_elemental_shop, uniq_crazy_yiuf_cottage

Skill      XL: |  1  2  3  4  5  6  7 |
---------------+----------------------+-----
Dodging        | 3 4 5 6 |  6.4
Armour         | 1 2 3 4 |  4.8
Fighting       | 3 4 |  4.1
Short Blades   | |  2.6
Throwing       | |  1.7

Action                   |  1- 3 |  4- 6 |  7- 9 || total
-------------------------+-------+-------+-------++-------
Melee: Rapier            |    30 |       |       ||    30
       Flail             |    94 |   170 |    66 ||   330
       Tailslap          |    11 |    15 |     7 ||    33
       Hand axe          |       |     9 |       ||     9
  Use: Scroll            |       |     8 |       ||     8
       Potion            |       |       |     8 ||     8
 Stab: Sleeping          |     1 |       |       ||     1
Armor: Leather armour    |    64 |    74 |    59 ||   197
Dodge: Dodged            |   128 |   153 |   112 ||   393

Table legend: (Time is in decaauts)
 A = Elapsed time spent in this place.
 B = Non-inter-level travel time spent in this place.
 C = Inter-level travel time spent in this place.
 D = Time resting spent in this place.
 E = Time spent auto-exploring this place.
 F = Levels seen in this place.
 G = Mean time per level.
                   A        B        C        D        E       F      G
               +--------+--------+--------+--------+--------+-----+--------+
         Total |   7342 |   7191 |    151 |   2761 |   3018 |   6 | 1223.7 |
       Dungeon |   7342 |   7191 |    151 |   2761 |   3018 |   6 | 1223.7 |
               +--------+--------+--------+--------+--------+-----+--------+

Top non-repeatable levels by time:
     D:4: 1926 daAuts
     D:3: 1623 daAuts
     D:2: 1280 daAuts
     D:1: 1223 daAuts
     D:6: 788 daAuts
     D:5: 500 daAuts
